 Dungeon Crawl Stone Soup version 0.28.0-53-g5a82cb258f (webtiles) character file.

Game seed: 6415821574963308954

7491 mortz the Destroyer (level 10, 0/74 HPs)
             Began as a Black Draconian Conjurer on July 8, 2022.
             Was a Follower of Vehumet.
             Slain by a yak (11 damage)
             ... on level 10 of the Dungeon on July 9, 2022.
             The game lasted 01:23:46 (14728 turns).

mortz the Destroyer (Black Draconian Conjurer)     Turns: 14728, Time: 01:23:47

Health: 0/74       AC: 10    Str:  9    XL:     10   Next: 95%
Magic:  11/23      EV: 17    Int: 24    God:    Vehumet [*.....]
Gold:   457        SH:  0    Dex:  9    Spells: 11/27 levels left

rFire   . . .      SeeInvis .   a - staff of conjuration {!a@e2staff}
rCold   . . .      Faith    .   (no shield)
rNeg    . . .      Spirit   .   (armour unavailable)
rPois   .          Reflect  .   (helmet restricted)
rElec   +          Harm     .   r - +2 cloak {Stlth+}
rCorr   .          Rampage  .   (no gloves)
Will    .....                   (no boots)
Stlth   ++++......              (no amulet)
HPRegen 0.22/turn               c - +4 ring of evasion
MPRegen 0.18/turn               (no ring)

@: no status effects
A: breathe lightning, AC +7, unfitting armour, electricity resistance,
cold-blooded
a: Breathe Lightning, Renounce Religion


You were on level 10 of the Dungeon.
You worshipped Vehumet.
Vehumet was aware of your devotion.
You visited 3 branches of the dungeon, and saw 12 of its levels.
You also visited: Ossuary.

You collected 599 gold pieces.
You spent 142 gold pieces at shops.


Innate Abilities, Weirdness & Mutations

You can breathe wild blasts of lightning.
Your glossy black scales are hard. (AC +7)
You cannot fit into any form of body armour.
You are resistant to electric shocks. (rElec)
You are cold-blooded and may be slowed by cold attacks.


   Skills:
 + Level 2.4 Fighting
 + Level 2.3 Maces & Flails
 + Level 5.4 Dodging
 + Level 5.2 Stealth
 + Level 9.4 Spellcasting
 + Level 10.7 Conjurations
 + Level 2.8 Translocations
 * Level 3.3 Air Magic


You had 11 spell levels left.
You knew the following spells:

 Your Spells              Type           Power      Damage    Failure   Level
a - Magic Dart            Conj           100%       1d8       1%          1
b - Searing Ray           Conj           100%       2d8       1%          2
c - Iskenderun's Mystic   Conj/Tloc      60%        2d13      3%          4
d - Mephitic Cloud        Conj/Pois/Air  50%        N/A       2%          3
e - Poisonous Vapours     Pois/Air       38%        N/A       4%          2
f - Airstrike             Air            13%        N/A       14%         4

Your spell library contained the following spells:

 Spells                   Type           Power      Damage    Failure   Level
 Sandblast                Erth           22%        2d7       5%          1
 Shock                    Conj/Air       100%       1d9       1%          1
 Dazzling Flash           Conj/Hex       100%       N/A       1%          3
 Swiftness                Air            27%        N/A       4%          3
 Freeze                   Ice            44%        1d6       5%          1
 Sting                    Tmut/Pois      44%        1d5       5%          1
 Fulminant Prism          Conj/Hex       26%        3d14      6%          4
 Hailstorm                Conj/Ice       53%        3d12      6%          4
 Sticky Flame             Conj/Fire      53%        2d7       6%          4
 Call Imp                 Summ           11%        N/A       9%          2
 Sublimation of Blood     Necr           11%        N/A       9%          2
 Wereblood                Tmut           11%        N/A       9%          2
 Frozen Ramparts          Ice            22%        1d4       17%         3
 Inner Flame              Hex/Fire       11%        N/A       17%         3
 Olgreb's Toxic Radiance  Pois           11%        N/A       50%         4
 Lee's Rapid Deconstruct  Erth           5%         3d7*      83%         5
 Eringya's Noxious Bog    Tmut/Pois      5%         N/A       100%        6
 Summon Hydra             Summ           5%         N/A       100%        7

Inventory:

Hand Weapons
 b - a +4 morningstar of flaming {mace}
   (You found it on level 7 of the Dungeon)
 h - a +2 mace of holy wrath {mace}
   (You found it on level 1 of the Dungeon)
 q - a +0 falchion of draining {long}
   (You took it off an orc priest on level 5 of the Dungeon)
 x - a +2 dagger of speed {short}
   (You took it off an orc on level 6 of the Dungeon)
 B - a +2 whip of pain {mace}
   (You took it off a kobold on level 6 of the Dungeon)
 C - a +2 dagger of electrocution {short}
   (You found it on level 7 of the Dungeon)
 G - a +2 hand axe of electrocution {axe}
   (You took it off a kobold demonologist on level 7 of the Dungeon)
 K - a +4 hunting sling {sling}
   (You found it on level 8 of the Dungeon)
 M - a +1 antimagic whip {mace}
   (You took it off an orc on level 9 of the Dungeon)
 N - a +0 halberd of venom {polearm}
   (You took it off an orc warrior on level 9 of the Dungeon)
Missiles
 g - 23 poisoned darts {throwing}
 n - 5 curare-tipped darts {=fthrowing}
Armour
 r - a +2 cloak of stealth (worn)
   (You took it off Crazy Yiuf on level 5 of the Dungeon)
 y - an orb of light
   (You found it on level 7 of the Dungeon)
Magical Staves
 a - a staff of conjuration (weapon) {!a@e2staff}
   (You found it on level 7 of the Dungeon)
 j - a staff of fire {!astaff}
   (You found it on level 2 of the Dungeon)
 F - a staff of air {!astaff}
   (You found it on level 7 of the Dungeon)
Jewellery
 c - a +4 ring of evasion (left hand)
   (You took it off a kobold on level 3 of the Dungeon)
Wands
 m - a wand of polymorph (6)
   (You took it off an orc on level 9 of the Dungeon)
 L - a wand of iceblast (6)
   (You found it on level 9 of the Dungeon)
Scrolls
 e - 3 scrolls of blinking {!r}
 o - 3 scrolls of identify {@r1}
 p - 3 scrolls of brand weapon
 u - a scroll of vulnerability {!r!r}
 z - a scroll of enchant armour
 A - 6 scrolls of teleportation {@r4}
 H - 2 scrolls of magic mapping {!r}
Potions
 d - 4 potions of mutation {!q}
 f - 3 potions of curing {@q1}
 l - a potion of lignification {!q}
 t - a potion of might
 v - a potion of haste {@q3}
 w - 2 potions of flight
 E - 4 potions of ambrosia
 J - a potion of cancellation
 O - a potion of magic
Miscellaneous
 D - a box of beasts
   (You found it on level 7 of the Dungeon)

Dungeon Overview and Level Annotations

Branches:
Dungeon (10/15)            Temple (1/1) D:7            Lair (1/6) D:9
Ossuary (visited)
    Orc: D:9-12

Altars:
Ashenzari
Cheibriados
Dithmenos
Elyvilon
Fedhas
Gozag
Hepliaklqana
Kikubaaqudgha
Makhleb
Nemelex Xobeh
Okawaru
Qazlal
Ru
Sif Muna
Trog
Vehumet
Wu Jian
Xom
Yredelemnul
The Shining One

Shops:
D:5 *   D:8 ?

Annotations:
D:7 Joseph
D:9 exclusion: downstairs

.............# .........)...#
.............# .............#
.............# .............#
...########.##
.########......#####.####
..../...@................
.#####Y##.....#####..... ..#
#.Y.# ######......##
##########.###...##### #........
............##.......# #......##
............###.#....####........
≈...........##.......##..........
≈≈≈.....≈....#Y......##...###....
≈.......≈≈...#....#####...# #.###


You could see 3 yaks.


Message History

😨 HP[-16]
You take 16 damage, and now have 31/74 hp.
MASSIVE DAMAGE!! (PAUSE) 😨 MP[+1]
The centaur warrior shoots an arrow.
The arrow hits you!
* * * LOW HITPOINT WARNING * * *
😨 HP[-11]
You take 11 damage, and now have 20/74 hp.
The centaur warrior shoots an arrow.
The arrow hits you!
* * * LOW HITPOINT WARNING * * *
😱 HP[-12]
You take 12 damage, and now have 8/74 hp. 😱 HP[+1] 😱 MP[+1]
You feel much better. 😨 HP[+21]
You regained 21 hp, and now have 30/74 hp. 😨 HP[+1]
The centaur warrior shoots an arrow.
The arrow hits you!
* * * LOW HITPOINT WARNING * * *
😨 HP[-7]
You take 7 damage, and now have 24/74 hp.
The centaur warrior shoots an arrow.
The arrow hits you!
* * * LOW HITPOINT WARNING * * *
😱 HP[-14]
You take 14 damage, and now have 10/74 hp. 😱 MP[+1] 😱 HP[+1] 😱 MP[+1] 😱 HP[+1]
You see here a manticore corpse.
Casting: Iskenderun's Mystic Blast (dangerous; 3% risk of failure)
Confirm with . or Enter, or press ? or * to list all spells.
Aiming: Searing Ray (safe; 1% risk of failure)
Press: ? - help, Shift-Dir - straight line, f/p - wraith
Aim: a wraith (almost destroyed, 83% to hit)
You feel a surge of power!
The searing ray hits the wraith. (Press . to maintain the ray.) 😱 HP[+1] MP[-1]
You lost 1 mp, and now have 11/23 mp.
The searing ray hits the wraith but does no damage. 😱 MP[-1]
You lost 1 mp, and now have 10/23 mp.
The searing ray misses the wraith.
The searing ray hits the centaur warrior.
The wraith hits you!
* * * LOW HITPOINT WARNING * * *
The wraith drains your vigour!
You feel yourself slow down. 😱 HP[-11] MP[-1]
You take 11 damage, and now have 2/74 hp.
You lost 1 mp, and now have 9/23 mp.
Okay, then.
As you read the scroll of teleportation {@r4}, it crumbles to dust.
You feel strangely unstable.
The wraith barely misses you. x2 😱 HP[+1] MP[+1]
The wraith barely misses you.
Your surroundings suddenly seem different.
A centaur and a yak come into view.
Found an escape hatch in the ceiling. 😱 HP[+1] 😱 MP[+1]
You feel yourself speed up.
A yak comes into view. 😱 HP[+1]
The yak bellows!
You hear a bellow! 😱 MP[+1]
A yak comes into view. 😱 HP[+1]
The yak gores you but does no damage. 😱 MP[+1]
A yak comes into view. 😱 HP[+1] 😱 HP[+1] MP[+1] 😱 HP[+1]
The yak gores you.
* * * LOW HITPOINT WARNING * * *
😱 HP[-5] MP[+1]
You take 5 damage, and now have 4/74 hp.
You feel better. The yak misses you. 😱 HP[+6]
You regained 6 hp, and now have 10/74 hp.
Casting: Searing Ray (safe; 1% risk of failure)
Confirm with . or Enter, or press ? or * to list all spells.
Aiming: Searing Ray (safe; 1% risk of failure)
Press: ? - help, Shift-Dir - straight line, f - yak
Aim: a yak (90% to hit)
You feel a surge of power!
The searing ray hits the yak. (Press . to maintain the ray.) 😱 HP[+1] MP[-2]
You lost 2 mp, and now have 13/23 mp.
The searing ray misses the yak.
The yak gores you but does no damage. 😱 MP[-1]
You lost 1 mp, and now have 12/23 mp.
The searing ray hits the yak!
The yak completely misses you.
The searing ray misses the yak.
You finish channelling your searing ray.
The yak gores you!
You die...

Skill      XL: |  1  2  3  4  5  6  7  8  9 10 |
---------------+-------------------------------+-----
Dodging        | 2 3 4 5 |  5.4
Conjurations   | 5 6 7 8 9 10 | 10.7
Spellcasting   | 3 4 5 6 8 9 |  9.4
Stealth        | 2 3 4 5 |  5.2
Maces & Flails | 1 2 |  2.3
Fighting       | 1 2 |  2.4
Translocations | 2 |  2.8
Air Magic      | 3 |  3.3

Action                   |  1- 3 |  4- 6 |  7- 9 | 10-12 || total
-------------------------+-------+-------+-------+-------++-------
Melee: Dagger            |     4 |       |       |       ||     4
       Tailslap          |     3 |       |     1 |       ||     4
       Mace              |       |     1 |     1 |       ||     2
       Morningstar       |       |       |     5 |    11 ||    16
 Cast: Magic Dart        |    48 |    54 |    57 |    64 ||   223
       Searing Ray       |    10 |    30 |   100 |    45 ||   185
       Iskenderun's Myst |       |       |     6 |    24 ||    30
 Abil: Breathe Lightning |       |       |     1 |       ||     1
  Use: Scroll            |     3 |     5 |     6 |     9 ||    23
       Potion            |       |       |       |     2 ||     2
Armor: Skin              |     2 |     3 |    16 |    22 ||    43
Dodge: Dodged            |     6 |     7 |    65 |    40 ||   118

Levels and vault maps discovered:
D:1:      amcnicky_arrival_gap_in_the_tavern_cellar, layout_basic,
          minmay_quantized
D:2:      layout_loops_corners, basic_altar, hangedman_decor_peaks_small,
          minmay_3d_cube
D:3:      layout_rooms, nicolae_overflow_hidden_temple, kennysheep_flooded_box
D:4:      layout_basic, uniq_edmund
D:5:      layout_rooms, hangedman_abyss_or_decor_stabs, minmay_shop_mass,
          uniq_crazy_yiuf_cottage, uniq_grinder, uniq_pikel
D:6:      layout_loops_ring, mainiacjoe_overflow_brackets,
          nicolae_ossuary_entry_catacombs, kennysheep_generic_room_5
D:7:      minmay_the_grid_triangle_9x9_recursive_2
          [minmay_the_grid_triangle_9x9_prize_insulated,
          minmay_the_grid_triangle_9x9_dagger,
          minmay_the_grid_triangle_9x9_limited_checkers,
          minmay_the_grid_triangle_9x9_steps], layout_loops_corners,
          minmay_temple_entry_junction, uniq_joseph
D:8:      layout_cave_pools, serial_shops, shop
D:9:      layout_big_octagon, grunt_lair_entry_orc_guard_hut, uniq_maurice,
          uniq_erolcha
D:10:     layout_basic, grunt_temple_overflow_open, nicolae_fountain_basement
Temple:   mainiacjoe_temple_coin_purse
Lair:1:   layout_long_grid, ebering_ghost_rock_garden

Notes
Turn   | Place    | Note
-------+----------+-------------------------------------------
     0 | D:1      | mortz the Draconian Conjurer began the quest for the Orb.
     0 | D:1      | Reached XP level 1. HP: 14/14 MP: 3/3
     0 | D:1      | magus.rc [v1.9.6]
   312 | D:1      | Reached XP level 2. HP: 19/20 MP: 0/5
   315 | D:1      | Learned a level 2 spell: Searing Ray
   565 | D:1      | You pick up a book of Frost and begin reading...
   565 | D:1      | You add the spells Freeze, Frozen Ramparts and Hailstorm to
                  | your library.
   979 | D:1      | You pick up a book of Blood and begin reading...
   979 | D:1      | You add the spells Sublimation of Blood, Wereblood and
                  | Summon Hydra to your library.
  1041 | D:1      | Reached skill level 2 in Dodging
  1258 | D:2      | You pick up a book of Frost and begin reading...
  1272 | D:2      | Reached XP level 3. HP: 26/26 MP: 3/6
  1716 | D:2      | Reached XP level 4. HP: 33/33 MP: 1/8
  1738 | D:2      | Reached skill level 5 in Conjurations
  2368 | D:2      | You pick up a book of Minor Magic and begin reading...
  2368 | D:2      | You add the spells Call Imp and Mephitic Cloud to your
                  | library.
  2519 | D:2      | Found an iron altar of Okawaru.
  2875 | D:3      | Reached skill level 3 in Spellcasting
  3003 | D:3      | Found an iron altar of Okawaru.
  3546 | D:4      | Reached XP level 5. HP: 38/38 MP: 4/9
  3597 | D:4      | Reached skill level 2 in Stealth
  3813 | D:4      | Noticed Edmund
  4010 | D:4      | Noticed a phantom
  4016 | D:4      | Killed a phantom
  4017 | D:4      | Reached XP level 6. HP: 39/45 MP: 2/11
  4108 | D:4      | Killed Edmund
  4109 | D:4      | Reached skill level 4 in Spellcasting
  4109 | D:4      | Reached skill level 6 in Conjurations
  4595 | D:5      | Entered Level 5 of the Dungeon
  4595 | D:5      | Noticed Pikel
  4697 | D:5      | Reached skill level 3 in Stealth
  4697 | D:5      | Your scales start taking on a glossy black colour.
  4697 | D:5      | Reached XP level 7. HP: 51/51 MP: 7/13
  4697 | D:5      | Gained mutation: You are resistant to electric shocks.
                  | (rElec) [Black Draconian growth]
  4707 | D:5      | Reached skill level 1 in Maces & Flails
  4933 | D:5      | Noticed Grinder
  4939 | D:5      | Paralysed by Grinder for 2 turns
  5137 | D:5      | Found Xiedwur's Mass Market.
  5177 | D:5      | Paralysed by Grinder for 6 turns
  5233 | D:5      | Paralysed by Grinder for 7 turns
  5262 | D:5      | Paralysed by Grinder for 3 turns
  5270 | D:5      | Killed Grinder
  5271 | D:5      | Reached skill level 5 in Spellcasting
  5271 | D:5      | Reached skill level 7 in Conjurations
  5325 | D:5      | Reached skill level 3 in Dodging
  5428 | D:5      | Found a runed translucent door.
  5429 | D:5      | Noticed Crazy Yiuf
  5503 | D:5      | Reached XP level 8. HP: 58/58 MP: 8/15
  6082 | D:5      | Killed Pikel
  6083 | D:5      | Reached skill level 1 in Fighting
  6083 | D:5      | Reached skill level 6 in Spellcasting
  6089 | D:5      | Learned a level 4 spell: Iskenderun's Mystic Blast
  6093 | D:5      | Learned a level 3 spell: Mephitic Cloud
  6193 | D:5      | Killed Crazy Yiuf
  6204 | D:5      | magus.rc [v1.9.6]
  6446 | D:6      | Reached skill level 8 in Conjurations
  6524 | D:6      | Reached skill level 4 in Stealth
  6630 | D:6      | Found a sand-covered staircase.
  6643 | Ossuary  | Entered an ossuary
  7793 | D:6      | Reached XP level 9. HP: 22/64 MP: 8/19
  8216 | D:6      | Found a sacrificial altar of Ru.
  8360 | D:6      | Reached skill level 7 in Spellcasting
  8635 | D:6      | Reached skill level 4 in Dodging
  8834 | D:7      | You add the spells Sting, Poisonous Vapours and Olgreb's
                  | Toxic Radiance to your library.
  8838 | D:7      | Learned a level 2 spell: Poisonous Vapours
  8892 | D:7      | Reached skill level 9 in Conjurations
  9025 | D:7      | HP: 12/66 [orc warrior/+0 dire flail (19)]
  9537 | D:7      | Noticed Joseph
  9703 | D:7      | Found a staircase to the Ecumenical Temple.
  9711 | Temple   | Entered the Ecumenical Temple
  9796 | Temple   | Became a worshipper of Vehumet
 10322 | D:7      | Noticed a gargoyle
 10649 | D:7      | Noticed a manticore
 10657 | D:7      | Killed a manticore
 10658 | D:7      | Reached skill level 2 in Fighting
 10658 | D:7      | Reached skill level 8 in Spellcasting
 10674 | D:7      | Noticed a kobold demonologist
 10803 | D:6      | magus.rc [v1.9.6]
 11043 | D:7      | You pick up a book of Blasting and begin reading...
 11046 | D:7      | You add the spells Inner Flame, Sticky Flame and Eringya's
                  | Noxious Bog to your library.
 11046 | D:7      | Got Noen's Reference Book on Poison and Fire
 11074 | D:7      | Noticed a komodo dragon
 11087 | D:7      | HP: 14/67 [komodo dragon (25)]
 11091 | D:7      | Killed a komodo dragon
 11092 | D:7      | Reached skill level 5 in Stealth
 11092 | D:7      | Reached XP level 10. HP: 16/73 MP: 1/22
 11368 | D:7      | Reached skill level 1 in Translocations
 11489 | D:7      | Killed a gargoyle
 11490 | D:7      | Reached skill level 10 in Conjurations
 11740 | D:8      | Found Emihez's Magic Scroll Emporium.
 11753 | D:8      | Bought a scroll of enchant armour for 97 gold pieces
 11753 | D:8      | Bought a scroll of magic mapping for 45 gold pieces
 12212 | D:8      | You pick up a book of Air and begin reading...
 12212 | D:8      | You add the spells Shock, Swiftness and Airstrike to your
                  | library.
 12218 | D:8      | Learned a level 4 spell: Airstrike
 12317 | D:8      | magus.rc [v1.9.6]
 12329 | D:8      | Reached skill level 5 in Dodging
 12463 | D:8      | Reached skill level 1 in Air Magic
 12524 | D:8      | Reached * piety under Vehumet
 12524 | D:8      | Offered knowledge of Sandblast by Vehumet.
 12880 | D:9      | Reached skill level 2 in Maces & Flails
 13242 | D:9      | Noticed Erolcha
 13268 | D:9      | Found a staircase to the Lair.
 13283 | Lair:1   | Entered Level 1 of the Lair of Beasts
 13365 | D:9      | Killed Erolcha
 13366 | D:9      | Reached skill level 9 in Spellcasting
 13366 | D:9      | Reached skill level 2 in Translocations
 13366 | D:9      | Reached skill level 2 in Air Magic
 13507 | D:9      | Noticed Maurice
 13747 | D:9      | Paralysed by something for 6 turns
 13964 | D:9      | Killed Maurice
 13965 | D:9      | Reached skill level 3 in Air Magic
 14268 | D:9      | magus.rc [v1.9.6]
 14269 | D:10     | Entered Level 10 of the Dungeon
 14274 | D:10     | Noticed a brown ugly thing
 14274 | D:10     | Noticed a skeletal warrior
 14505 | D:10     | Noticed a manticore
 14513 | D:10     | Killed a manticore
 14666 | D:10     | Noticed a centaur warrior
 14673 | D:10     | HP: 8/74 [centaur warrior/arrow (12)]
 14680 | D:10     | HP: 10/74 [centaur warrior/arrow (14)]
 14694 | D:10     | HP: 2/74 [wraith (11)]
 14722 | D:10     | HP: 4/74 [yak (5)]
 14728 | D:10     | Slain by a yak

Vanquished Creatures
  Erolcha (D:9)
  Pikel (D:5)
  2 manticores
  Maurice (D:9)
  A gargoyle (D:7)
  A kobold demonologist (D:7)
  A komodo dragon (D:7)
  A troll (D:8)
  Grinder (D:5)
  A yak (D:7)
  A steam dragon (D:8)
  Edmund (D:4)
  An acid dragon (D:9)
  4 water moccasins
  5 orc warriors
  A sky beast (D:7)
  3 ice beasts
  2 black bears (D:8)
  3 ogres
  A centaur (D:7)
  3 phantoms
  A kobold brigand (D:6)
  4 lemures
  A bullfrog (D:9)
  2 scorpions
  2 elf skeletons (D:6)
  A wyvern skeleton (D:5)
  A centaur zombie (D:5)
  A jelly (D:6)
  2 bullfrog zombies (D:5)
  5 orc priests
  2 human zombies (D:6)
  Crazy Yiuf (D:5)
  6 hounds
  10 orc wizards
  A killer bee zombie (D:5)
  A hound skeleton (D:4)
  13 mummies (Ossuary)
  4 gnolls (D:2)
  6 adders
  3 howler monkey skeletons
  2 shadow imps (D:7)
  A worm (D:5)
  A dart slug (D:4)
  38 orcs
  6 ball pythons
  14 endoplasms
  4 giant cockroaches
  8 goblins
  10 hobgoblins
  A jackal (D:2)
  10 kobolds
  3 quokkas
  3 bats
  A frilled lizard (D:1)
  2 gnoll skeletons (Ossuary)
  5 goblin skeletons (Ossuary)
  A kobold skeleton (Ossuary)
  An orc skeleton (D:6)
  An orc zombie (D:6)
  10 rats
  11 rat skeletons (Ossuary)
236 creatures vanquished.

Vanquished Creatures (others)
  7 fungi
  10 plants (D:9)
17 creatures vanquished.

Grand Total: 253 creatures vanquished

Table legend:
 A = Non-vault XP
 B = Vault XP
 C = Vault XP percentage of total XP
 D = Non-vault monster count
 E = Vault monster count
 F = Vault count percentage of total count
                 A         B        C        D         E       F
            +---------+---------+-------+---------+---------+-------
      Total |    4985 |    5717 |  53.4 |     167 |      65 |  28.0
            +---------+---------+-------+---------+---------+-------
        D:1 |      37 |       2 |   5.1 |      23 |       1 |   4.2
        D:2 |      96 |       7 |   6.8 |      19 |       4 |  17.4
        D:3 |      47 |       0 |   0.0 |      14 |       0 |   0.0
        D:4 |     359 |     173 |  32.5 |      18 |       1 |   5.3
        D:5 |     531 |     867 |  62.0 |      16 |       3 |  15.8
        D:6 |     814 |     412 |  33.6 |      22 |       8 |  26.7
        D:7 |     525 |    2233 |  81.0 |      12 |      10 |  45.5
        D:8 |    1308 |     128 |   8.9 |      19 |       1 |   5.0
        D:9 |     530 |    1643 |  75.6 |      18 |       5 |  21.7
       D:10 |     738 |       0 |   0.0 |       6 |       0 |   0.0
    Ossuary |       0 |     252 | 100.0 |       0 |      32 | 100.0
            +---------+---------+-------+---------+---------+-------

Illustrated notes

Table legend:
 A = Kills in this place as a percentage of kills in entire the game.
 B = Kills by you in this place as a percentage of kills by you in the entire game.
 C = Kills by friends in this place as a percentage of kills by friends in the entire game.
 D = Other kills in this place as a percentage of other kills in the entire game.
 E = Experience gained in this place as a percentage of experience gained in the entire game.
 F = Experience gained in this place divided by the number of levels of this place that you have seen.
                   A       B       C       D       E      F
               +-------+-------+-------+-------+-------+----------------------
         Total | 100.0 | 100.0 |   N/A |   N/A | 100.0 | 823.2
       Dungeon |  86.2 |  86.2 |   N/A |   N/A |  97.6 | 1045.0
       Ossuary |  13.8 |  13.8 |   N/A |   N/A |   2.4 | 252.0
               +-------+-------+-------+-------+-------+----------------------

Table legend: (Time is in decaauts)
 A = Elapsed time spent in this place.
 B = Non-inter-level travel time spent in this place.
 C = Inter-level travel time spent in this place.
 D = Time resting spent in this place.
 E = Time spent auto-exploring this place.
 F = Levels seen in this place.
 G = Mean time per level.
                   A        B        C        D        E       F      G
               +--------+--------+--------+--------+--------+-----+--------+
         Total |  14754 |  14214 |    540 |   2669 |   9087 |  13 | 1134.9 |
       Dungeon |  13659 |  13134 |    525 |   2167 |   8792 |  10 | 1365.9 |
        Temple |    122 |    107 |     15 |      0 |     85 |   1 |  122.0 |
          Lair |     64 |     64 |      0 |     63 |      0 |   1 |   64.0 |
       Ossuary |    907 |    907 |      0 |    439 |    210 |   1 |  907.0 |
               +--------+--------+--------+--------+--------+-----+--------+

Top non-repeatable levels by time:
     D:6: 2541 daAuts
     D:7: 1833 daAuts
     D:4: 1716 daAuts
     D:8: 1555 daAuts
     D:2: 1368 daAuts
     D:1: 1317 daAuts
     D:5: 1141 daAuts
     D:9: 949 daAuts
 Ossuary: 907 daAuts
     D:3: 780 daAuts
    D:10: 455 daAuts
  Temple: 122 daAuts
  Lair:1: 64 daAuts
